 Dungeon Crawl Stone Soup version 0.21.1-1-g345015f (webtiles) character file.

15 Iko the Ruffian (level 2, -7/23 HPs)
             Began as a Minotaur Transmuter on June 8, 2018.
             Mangled by an orc warrior
             ... wielding a +0 trident
              (14 damage)
             ... on level 5 of the Dungeon.
             The game lasted 00:03:21 (338 turns).

Iko the Ruffian (Minotaur Transmuter)                Turns: 338, Time: 00:03:23

Health: -7/23      AC:  2    Str: 14    XL:     2   Next: 34%
Magic:  1/3        EV: 12    Int: 10    God:    Xom [..*...]
Gold:   4          SH:  0    Dex: 10    Spells: 0/3 levels left

rFire    . . .     SeeInvis .     - Unarmed
rCold    . . .     Gourm    .   (no shield)
rNeg     . . .     Faith    .   b - +0 robe
rPois    .         Spirit   .   (helmet restricted)
rElec    .         Reflect  .   (no cloak)
rCorr    .         Harm     .   (no gloves)
MR       .....                  (boots currently unavailable)
Stlth    +.........             (no amulet)
HPRegen  0.07/turn              (no ring)
MPRegen  0.08/turn              (no ring)

@: appendage
A: retaliatory headbutt, horns 2, talons 3
a: End Transformation, Renounce Religion


You were on level 5 of the Dungeon.
You worshipped Xom.
You were a toy of Xom.
You were not hungry.
You had grown temporary talons.
You visited 1 branch of the dungeon, and saw 5 of its levels.

You collected 4 gold pieces.

Inventory:

Missiles
 a - 12 arrows
Armour
 b - a +0 robe (worn)
Books
 c - a book of Changes

   Spells                             Type                      Level
   a - Beastly Appendage              Transmutation                1
   b - Sticks to Snakes               Transmutation                2
   c - Spider Form                    Transmutation/Poison         3
   d - Ice Form                       Ice/Transmutation            4
   e - Blade Hands                    Transmutation                5
Comestibles
 d - 2 rations


   Skills:
 + Level 1.2 Fighting
 + Level 2.3 Dodging
 + Level 3.6 Unarmed Combat
 + Level 1.4 Spellcasting
 + Level 2.1 Transmutations


You couldn't memorise any spells.
You knew the following spells:

 Your Spells              Type           Power        Failure   Level  Hunger
a - Beastly Appendage     Tmut           #.....       14%         1    ##.....
b - Sticks to Snakes      Tmut           #.......     21%         2    ###....


Dungeon Overview and Level Annotations

Branches:
Dungeon (6/15)
 Temple: D:4-7

Altars:
Xom


Innate Abilities, Weirdness & Mutations

You reflexively headbutt those who attack you in melee.
You have a pair of horns on your head.
You have claws for feet.


Message History

You climb downwards.
An adder, a water moccasin and 4 orcs come into view.
The water moccasin hisses angrily.
The orc shouts! x2; The orc priest shouts!
The adder hisses angrily.
The orc warrior shouts!
Found a scroll labeled NACVO VAFISYGG.
There is a stone staircase leading up here.
You can't go down here!
The orc warrior hits you but does no damage.
You climb upwards.
There is a stone staircase leading down here.
Casting: Beastly Appendage
Confirm with . or Enter, or press ? or * to list all spells.
Your feet morph into talons.
Casting: Beastly Appendage
Confirm with . or Enter, or press ? or * to list all spells.
You extend your transformation's duration.
The orc warrior hits you with a trident!
Ouch! That really hurt!
You die...
Xom snickers!

#.......#...
####.....#.###...
#................
..###....####....
#............
##...........
###.........##. S
........o#####
.........@#
#....###...# S
#...# ##...# ###.
##.... # ###.# .#
. #


You could see an orc warrior.

Vanquished Creatures
  An adder (D:3)
  2 hobgoblins
  A quokka (D:3)
  A frilled lizard (D:2)
  A rat (D:1)
6 creatures vanquished.

Notes
Turn   | Place    | Note
-------+----------+-------------------------------------------
     0 | D:1      | Iko the Minotaur Transmuter began the quest for the Orb.
     0 | D:1      | Reached XP level 1. HP: 16/16 MP: 1/1
   254 | D:3      | Reached XP level 2. HP: 12/23 MP: 0/3
   272 | D:3      | Learned a level 2 spell: Sticks to Snakes
   275 | D:3      | Found a shimmering altar of Xom.
   279 | D:3      | Found a shimmering altar of Xom.
   281 | D:3      | Found a shimmering altar of Xom.
   282 | D:3      | Found a shimmering altar of Xom.
   283 | D:3      | Found a shimmering altar of Xom.
   285 | D:3      | Found a shimmering altar of Xom.
   288 | D:3      | Became a worshipper of Xom the Capricious
   290 | D:3      | You fall through a shaft for 2 floors!
   290 | D:5      | Entered Level 5 of the Dungeon
   315 | D:5      | XOM: divination: detect creatures
   334 | D:6      | Noticed a water moccasin
   334 | D:6      | Noticed an orc warrior
   338 | D:5      | Mangled by an orc warrior

Skill      XL: |  1 |
---------------+----+-----
Transmutations | 2 |  2.1
Fighting       | |  1.2
Dodging        | |  2.3
Unarmed Combat | |  3.6
Spellcasting   | |  1.4

Action                   || total
-------------------------++-------
Melee: Unarmed           ||    20
       Headbutt          ||     4
 Cast: Beastly Appendage ||     4
  Use: Potion            ||     2
       Scroll            ||     1
Armor: Robe              ||     2
Dodge: Dodged            ||    10
